 Dungeon Crawl Stone Soup version bcrawl-1.21.3 (webtiles) character file.

Game seed: 17395705886351194723

58 funkygono the Conjurer (level 3, -4/19 HPs)
             Began as a Skeleton Conjurer on Mar 27, 2020.
             Slain by a gnoll
             ... wielding a +0 spear
              (9 damage)
             ... on level 2 of the Dungeon.
             The game lasted 00:03:15 (1401 turns).

funkygono the Conjurer (Skeleton Conjurer)          Turns: 1401, Time: 00:03:16

Health: -4/19      AC:  2    Str: 13 (14) XL:     3   Next: 75%
Magic:  0/8        EV: 12    Int: 14      God:
Gold:   104        SH:  0    Dex:  9      Spells: 6/9 levels left

rFire    . . .     SeeInvis .   c - +0 club
rCold    + . .     Gourm    .   (no shield)
rNeg     + + +     Faith    .   a - +0 robe
rPois    ∞         Spirit   +   (no helmet)
rElec    .         Reflect  .   (no cloak)
rCorr    .         Harm     .   (no gloves)
MR       .....                  (no boots)
Stlth    ++........             (no amulet)
HPRegen  0.06/turn              (no ring)
MPRegen  0.11/turn              (no ring)

@: no status effects
A: no food or potions, cold resistance 1, deterioration 1, negative energy
resistance 3, torment resistance, unbreathing, magic shield, sturdy frame 1,
spell healing
a: no special abilities


You were on level 2 of the Dungeon.
You were not hungry.

You visited 1 branch of the dungeon, and saw 2 of its levels.

You collected 104 gold pieces.

Inventory:

Hand Weapons
 c - a +0 club (weapon)
Armour
 a - a +0 robe (worn)


   Skills:
 + Level 2.1 Dodging
 + Level 2.6 Stealth
 + Level 3.9 Spellcasting
 + Level 5.9 Conjurations


You had 6 spell levels left.
You knew the following spells:

 Your Spells              Type           Power        Failure   Level  Hunger
a - Magic Dart            Conj           ###.         1%          1    N/A
b - Searing Ray           Conj           ###.....     2%          2    N/A

Your spell library contained the following spells:

 Spells                   Type           Power        Failure   Level  Hunger
 Iskenderun's Mystic Bla  Conj           ###.....     4%          3    N/A
 Fulminant Prism          Conj/Hex       ##........   50%         4    N/A
 Irradiate                Conj/Tmut      ##........   85%         5    N/A

Dungeon Overview and Level Annotations

Branches:
Dungeon (2/12)

Altars:


Innate Abilities, Weirdness & Mutations

You do not eat or drink.
You are immune to poison.
Your flesh is cold resistant. (rC+)
Your body sometimes deteriorates upon taking damage.
You are immune to negative energy. (rN+++)
You are immune to unholy pain and torment.
You can survive without breathing.
When hurt, damage is shared between your health and your magic reserves.
Your movements are slightly less encumbered by armour. (ER -2)
Casting spells heals you.


Message History

Casting: Searing Ray (safe; 2% risk of failure)
Confirm with . or Enter, or press ? or * to list all spells.
Aiming: Magic Dart (safe; 1% risk of failure)
Press: ? - help, Shift-Dir - straight line, f/p - gnoll
Aim: a gnoll, wielding a +0 halberd (moderately wounded)
The magic dart hits the gnoll.
The gnoll is severely wounded.
The gnoll hits you with a +0 halberd!
* * * LOW HITPOINT WARNING * * *
You hit the gnoll.
You kill the gnoll!
Things that are here:
a +0 halberd; a gnoll corpse You start resting.
A gnoll comes into view. It is wielding a +0 spear.
The gnoll shouts!
Things that are here:
a +0 halberd; a gnoll corpse The gnoll hits you from afar with a +0 spear!
You die...

#.#.. #.#.#
....... ...#
...... #..#
.....# # #..#
#.... #.##<.#
##..####
#.....###...g..
#####.......#.#
#........#@.#.###
#####.#.....)...#
#.##.##.#.###
#....##.#$#
#######+#÷..#
....g.# ..#..#+#
... ... #... ....


You could see a gnoll.

Vanquished Creatures
  3 gnolls (D:2)
  2 leopard geckos (D:1)
  2 bats (D:1)
  2 giant cockroaches (D:1)
  3 goblins (D:1)
  4 hobgoblins
  4 kobolds (D:1)
  A ball python (D:1)
  2 frilled lizards (D:1)
  4 rats (D:1)
27 creatures vanquished.

Notes
Turn   | Place    | Note
-------+----------+-------------------------------------------
     0 | D:1      | funkygono the Skeleton Conjurer began the quest for the
                  | Orb.
     0 | D:1      | Reached XP level 1. HP: 10/10 MP: 4/4
    60 | D:1      | Reached skill level 5 in Conjurations
   227 | D:1      | Reached XP level 2. HP: 15/15 MP: 1/6
   300 | D:1      | Learned a level 2 spell: Searing Ray
  1141 | D:2      | Reached XP level 3. HP: 19/19 MP: 1/7
  1401 | D:2      | Slain by a gnoll

Skill      XL: |  1 |
---------------+----+-----
Conjurations   | 5 |  5.9
Dodging        | |  2.1
Stealth        | |  2.6
Spellcasting   | |  3.9

Action                   || total
-------------------------++-------
Melee: Club              ||    11
 Cast: Magic Dart        ||    50
       Searing Ray       ||     2
  Use: Scroll            ||     1
Armor: Robe              ||     2
Dodge: Dodged            ||    21
